Map: [ESL] Ghost River

Players

Reynor - Winner!

  • Race: Zerg Zerg
  • Spawn Location: 11:00

Aristori

  • Race: Zerg Zerg
  • Spawn Location: 1:00

Event: ESL SC2 Masters 2024 Spring (Regional)

VOD

Have the link to the VOD?

Description

Time

  • Played on: April 11, 2024, 12:48 p.m.
  • Length: 4:58

All games in this series

Show
View Real Time Build Order
Export as new Build Order

Reynor Zerg - Winner!

Build Orders: Pool First 

Get SALT Encoding   

  12  0:00  Drone  
  13  0:12  Overlord  
  13  0:17  Drone  
  14  0:31  Drone x2  
  16  0:40  Spawning Pool  
  15  0:44  Drone  
  15  0:48  Drone  
  17  1:08  Hatchery  
  17  1:11  Drone  
  17  1:28  Zergling x6  
  17  1:29  Queen  
  22  1:39  Overlord  
  22  1:48  Extractor  
  22  1:49  Zergling x2  
  23  1:59  Extractor  
  23  2:00  Drone  
  23  2:07  Queen  
  25  2:11  Drone  
  26  2:21  Queen  
  26  2:22  Drone x2  
  30  2:31  Overlord  
  30  2:33  Drone  
  31  2:39  Drone  
  31  2:40  Drone  
  31  2:44  Drone  
  34  2:49  Overlord  
  34  2:53  Drone  
  34  3:05  Zergling x4  
  34  3:06  Zergling x2  
  34  3:10  Zergling x4  
  34  3:11  Spine Crawler  
  38  3:13  Zergling x2  
  38  3:18  Zergling x4  
  41  3:25  Metabolic Boost  
  42  3:27  Zergling x2  
  42  3:29  Zergling x2  
  42  3:31  Zergling x2  
  42  3:33  Zergling x2  
  40  3:38  Zergling x4  
  39  3:44  Overlord  
  39  3:45  Drone  
  39  3:47  Drone  
  41  3:54  Drone x2  
  43  3:58  Baneling Nest  
  43  4:00  Drone  
  43  4:05  Zergling x2  
  44  4:11  Drone  
  44  4:14  Overlord  
  45  4:22  Drone  
  48  4:26  Zergling x2  
  49  4:34  Roach Warren  
  49  4:35  Zergling x2  
  49  4:39  Zergling x2  
  49  4:43  Baneling x3  
Show
View Real Time Build Order
Export as new Build Order

Aristori Zerg 

Build Orders: Pool First 

Get SALT Encoding   

  12  0:18  Spawning Pool  
  11  0:22  Drone  
  11  0:25  Drone  
  13  0:29  Drone  
  14  0:40  Overlord  
  14  0:57  Extractor  
  13  1:04  Zergling x4  
  13  1:05  Zergling x2  
  16  1:16  Zergling x2  
  17  1:27  Zergling x2  
  17  1:29  Hatchery  
  17  1:37  Zergling x2  
  18  1:48  Queen  
  20  2:00  Metabolic Boost  
  20  2:10  Overlord  
  20  2:20  Zergling x4  
  22  2:30  Zergling x2  
  23  2:39  Zergling x2  
  24  2:47  Zergling x4  
  26  2:59  Zergling x4  
  28  3:12  Zergling x8  
  32  3:19  Zergling x4  
  33  3:30  Zergling x4  
  29  3:38  Zergling x6  
  25  3:45  Zergling x4  
  26  3:53  Zergling x4  
  28  4:01  Zergling x2  
  29  4:05  Zergling x2  
  29  4:06  Zergling x4  
  31  4:16  Zergling x2  
  32  4:22  Zergling x2  
  33  4:26  Zergling x2  
  34  4:31  Zergling x2  
Tags
 
Add a new tag
Caveats
  • Supply blocks, unpowered buildings, or Contaminate may cause inaccurate times.
  • Supply counts are checked every 10 seconds.